 Dungeon Crawl Stone Soup version 0.21-a0-110-g8e1637b (webtiles) character file.

462 Gorice the Reanimator (level 6, 0/41 HPs)
             Began as a Demonspawn Necromancer on July 8, 2017.
             Slain by a kobold
             ... wielding a +0 club
              (2 damage)
             ... on level 4 of the Dungeon.
             The game lasted 00:17:03 (3816 turns).

Gorice the Reanimator (Demonspawn Necromancer)      Turns: 3816, Time: 00:17:04

Health: 0/41       AC:  6    Str: 10    XL:     6   Next: 79%
Magic:  9/9        EV: 10    Int: 16    God:
Gold:   269        SH:  3    Dex: 14    Spells: 4/9 levels left

rFire    . . .     SeeInvis .   a - +1 whip
rCold    . . .     Gourm    .   (no shield)
rNeg     . . .     Faith    .   l - +0 ring mail
rPois    .         Spirit   .   n - +0 helmet
rElec    .         Reflect  +   (no cloak)
rCorr    .         Harm     .   (no gloves)
MR       .....     Rnd*Tele +   (no boots)
Stlth    +.........             t - +3 amulet of reflection
HPRegen  0.13/turn              d - ring of teleportation (curse)
MPRegen  0.11/turn              (no ring)

@: lethally poisoned (0 -> -3)
A: talons 2, spiny 2
a: no special abilities


You were on level 4 of the Dungeon.
You were hungry.

You visited 1 branch of the dungeon, and saw 4 of its levels.

You collected 269 gold pieces.

Inventory:

Hand Weapons
 a - a +1 whip (weapon)
 b - a +0 hunting sling
 w - a +0 flail
Missiles
 u - 3 javelins
 Z - 48 stones (quivered)
Armour
 e - a +0 robe
 i - a +0 plate armour
 k - a +0 scale mail
 l - a +0 ring mail (worn)
 m - a +0 chain mail
 n - a +0 helmet (worn)
Jewellery
 d - a cursed ring of teleportation (left hand)
 t - a +3 amulet of reflection (around neck)
Scrolls
 x - a scroll of enchant weapon
Potions
 f - a potion of might {unknown}
 j - a potion of invisibility {unknown}
 p - 2 potions of agility {unknown}
 q - 3 potions of curing {unknown}
 r - 2 potions of degeneration {unknown}
 s - 3 potions of lignification {unknown}
Books
 o - a book of Necromancy
Comestibles
 c - 2 bread rations {!e}
 g - a meat ration {!e}
 h - 9 fruits
 v - a royal jelly


   Skills:
 - Level 1.7 Dodging
 - Level 1.7 Stealth
 - Level 2.0 Spellcasting
 + Level 9.0 Necromancy


You had 4 spell levels left.
You knew the following spells:

 Your Spells              Type           Power        Failure   Level  Hunger
a - Pain                  Necr           ####         1%          1    #......
b - Animate Skeleton      Necr           N/A          1%          1    #......
c - Vampiric Draining     Necr           ####......   3%          3    ###....


Dungeon Overview and Level Annotations

Branches:
Dungeon (4/15)
 Temple: D:4-7

Altars:
Elyvilon
Uskayaw
Beogh

Annotations:
D:4 Menkaure


Innate Abilities, Weirdness & Mutations

You have razor-sharp toenails.
You are mostly covered in sharp spines.


Message History

Magic restored.
You start resting.
You are feeling hungry.
You start resting.
Your kobold skeleton crumbles into dust!
You are suddenly yanked towards a nearby monster!
Your surroundings suddenly seem different.
A centaur comes into view.
The centaur shouts!
Found a buckler. 2 kobolds come into view.
The centaur wields a shortbow.
The centaur shoots an arrow.
The arrow hits you but does no damage.
You see here an arrow.
The centaur shoots an arrow.
The arrow closely misses you.
That item cannot be evoked!
That item cannot be evoked!
You open the door.
A worker ant and 2 kobolds come into view.
The kobold shouts!
You hear a shout!
The kobold throws a stone.
You reflect the stone off an invisible shield around you!
The stone completely misses the kobold.
The centaur shoots an arrow.
The arrow hits you!
Found a stone.
Damage: 12 (max 12)
A kobold comes into view.
The kobold shouts!
The kobold hits you but does no damage.
The centaur shoots an arrow.
The arrow hits you but does no damage. The kobold is struck by your spines.
You kill the kobold!
There is an open door here.
You see here an arrow.
You hit the kobold but do no damage. The kobold hits you but does no damage.
The centaur shoots an arrow.
The arrow hits you. The kobold hits you with a club.
The kobold is struck by your spines.
You kill the kobold!
Damage: 4 (max 12) Unknown command.
You barely miss the worker ant.
The kobold shouts!
The kobold hits you with a club. The worker ant bites you.
* * * LOW HITPOINT WARNING * * *
You are poisoned.
The worker ant poisons you!
The centaur shoots an arrow.
The arrow hits you!
* * * LOW HITPOINT WARNING * * *
Damage: 21 (max 21)
* * * LOW HITPOINT WARNING * * *
You feel sick. The kobold hits you with a club.
You die...

###### ########
#.....# ##......#
+......###.....K.#
#.......#.....c..##
.......@#((...K....
.......Ka....[...KK
.......(#..........
#.......#........##
+......###.......#
#....(# ##......#
###### ########


You could see a worker ant and a kobold.

Vanquished Creatures
  2 big kobolds (D:4)
  A howler monkey (D:4)
  A hound (D:3)
  An orc priest (D:3)
  A hound skeleton (D:4)
  Robin (D:2)
  4 gnolls (D:2)
  3 adders
  An ooze (D:3)
  A dart slug (D:1)
  2 leopard geckos
  An orc (D:2)
  2 giant cockroaches (D:1)
  14 hobgoblins
  7 jackals (D:3)
  2 quokkas
  6 bats
  4 frilled lizards
  7 goblins
  22 kobolds
  4 rats
87 creatures vanquished.

Vanquished Creatures (collateral kills)
  An orc priest (D:2)
  An adder (D:3)
  A dart slug (D:1)
  2 goblins
  A hobgoblin (D:2)
  A rat (D:2)
7 creatures vanquished.

Grand Total: 94 creatures vanquished

Notes
Turn   | Place    | Note
-------+----------+-------------------------------------------
     0 | D:1      | Gorice the Demonspawn Necromancer began the quest for the Orb.
     0 | D:1      | Reached XP level 1. HP: 13/13 MP: 3/3
    61 | D:1      | Learned a level 1 spell: Animate Skeleton
   449 | D:1      | Gained mutation: You are partially covered in sharp spines. [demonic ancestry]
   449 | D:1      | Reached XP level 2. HP: 11/19 MP: 5/5
   595 | D:1      | Reached skill level 5 in Necromancy
  1382 | D:2      | Noticed Robin
  1442 | D:2      | Gained mutation: You are mostly covered in sharp spines. [demonic ancestry]
  1442 | D:2      | Reached XP level 3. HP: 21/24 MP: 4/6
  1457 | D:2      | Killed Robin
  1837 | D:2      | Reached skill level 6 in Necromancy
  1840 | D:2      | Found a white marble altar of Elyvilon.
  1963 | D:2      | Learned a level 3 spell: Vampiric Draining
  2162 | D:3      | Gained mutation: You have sharp toenails. [demonic ancestry]
  2162 | D:3      | Reached XP level 4. HP: 29/30 MP: 4/7
  2260 | D:3      | Found a roughly hewn altar of Beogh.
  2412 | D:2      | Reached skill level 7 in Necromancy
  2412 | D:2      | Gained mutation: You have razor-sharp toenails. [demonic ancestry]
  2412 | D:2      | Reached XP level 5. HP: 22/35 MP: 2/8
  2797 | D:3      | Found a hide-covered altar of Uskayaw.
  2930 | D:3      | Found a faded altar of an unknown god.
  3193 | D:4      | Noticed Menkaure
  3422 | D:4      | Reached skill level 8 in Necromancy
  3422 | D:4      | Reached XP level 6. HP: 41/41 MP: 9/9
  3460 | D:4      | HP: 12/41 [big kobold (2)]
  3472 | D:4      | HP: 5/41 [big kobold (2)]
  3475 | D:4      | Reached skill level 9 in Necromancy
  3502 | D:4      | HP: 4/41 [kobold/club (2)]
  3548 | D:4      | HP: 10/41 [kobold/club (1)]
  3815 | D:4      | HP: 3/41 [centaur/arrow (14)]
  3816 | D:4      | Slain by a kobold

Vault maps used:
D:1:      matt_arrival_grand_opening
D:2:      eino_curves_01, elyvilon_altar_3, uniq_robin
D:3:      eat_drink_and_be_merry_uskayaw, chequers_ecumenical_altar_twisty,
          hangedman_feature_mirror, kennysheep_orc_chapel
D:4:      minmay_goblin_kobold_castle, first_bread,
          kennysheep_decorative_pillar, minmay_misc_feat_alley,
          palyth_stone_intersect, uniq_grinder, uniq_menkaure

Skill      XL: |  1  2  3  4  5  6 |
---------------+-------------------+-----
Necromancy     | 5 6 7 8 9 |  9.0
Dodging        | |  1.7
Stealth        | |  1.7
Spellcasting   | |  2.0

Action                   |  1- 3 |  4- 6 || total
-------------------------+-------+-------++-------
Melee: Whip              |    65 |    87 ||   152
       Kick              |       |    15 ||    15
 Fire: Hunting sling     |     5 |       ||     5
 Cast: Pain              |    21 |    16 ||    37
       Animate Skeleton  |    15 |    14 ||    29
       Vampiric Draining |       |     5 ||     5
  Use: Scroll            |     7 |       ||     7
 Stab: Distracted        |       |     1 ||     1
       Sleeping          |       |     1 ||     1
  Eat: Chunk             |     4 |     6 ||    10
Armor: Robe              |     1 |       ||     1
       Ring mail         |    21 |    43 ||    64
Dodge: Dodged            |    42 |    48 ||    90
Block: Other             |       |     6 ||     6
       Reflection        |       |     2 ||     2

Table legend:
 A = Turns spent in this place as a percentage of turns spent in the entire game.
 B = Non-inter-level travel turns spent in this place as a percentage of non-inter-level travel turns spent in the entire game.
 C = Inter-level travel turns spent in this place as a percentage of turns spent in this place.
 D = Turns resting spent in this place as a percentage of non-inter-level travel turns spent in this place.
 E = Turns spent auto-exploring this place as a percentage of non-inter-level travel turns spent in this place.
 F = Non-inter-level travel turns spent in this place divided by the number of levels of this place that you've seen.
                   A       B       C       D       E      F
               +-------+-------+-------+-------+-------+----------------------
         Total | 100.0 | 100.0 |   0.2 |   5.1 |   6.1 | 268.5
       Dungeon | 100.0 | 100.0 |   0.2 |   5.1 |   6.1 | 268.5
               +-------+-------+-------+-------+-------+----------------------

Vault maps used:
D:1:      matt_arrival_grand_opening
D:2:      eino_curves_01, elyvilon_altar_3, uniq_robin
D:3:      eat_drink_and_be_merry_uskayaw, chequers_ecumenical_altar_twisty,
          hangedman_feature_mirror, kennysheep_orc_chapel
D:4:      minmay_goblin_kobold_castle, first_bread,
          kennysheep_decorative_pillar, minmay_misc_feat_alley,
          palyth_stone_intersect, uniq_grinder, uniq_menkaure
